 Dungeon Crawl Stone Soup version 0.27-a0-984-g00e00afbbc (webtiles) character file.

Game seed: 9289511191279166597

2831 Morbidden the Conjurer (level 9, 0/71 HPs)
             Began as a Red Draconian Conjurer on Apr 15, 2021.
             Was a Priest of Qazlal.
             Slain by Harold
             ... wielding a +3 scimitar of holy wrath
              (25 damage)
             ... on level 8 of the Dungeon.
             The game lasted 00:11:17 (9080 turns).

Morbidden the Conjurer (Red Draconian Conjurer)     Turns: 9080, Time: 00:11:18

Health: 0/71       AC:  9    Str:  9    XL:     9   Next: 45%
Magic:  11/20      EV: 12    Int: 22    God:    Qazlal [***...]
Gold:   2768       SH:  4    Dex: 10    Spells: 8/23 levels left

rFire    + . .     SeeInvis .   (no weapon)
rCold    . . .     Faith    .   (no shield)
rNeg     + . .     Spirit   .   (armour unavailable)
rPois    .         Reflect  .   (helmet restricted)
rElec    .         Harm     .   (no cloak)
rCorr    .         Rampage  .   (no gloves)
Will     .....                  y - +1 pair of boots
Stlth    +.........             w - amulet of regeneration
HPRegen  1.21/turn              h - ring of positive energy
MPRegen  0.17/turn              (no ring)

@: marked, on berserk cooldown, slowed, very slow
A: breathe fire, AC +7, unfitting armour, fire resistance 1, cold-blooded
a: Breathe Fire, Renounce Religion, Upheaval, Elemental Force


You were on level 8 of the Dungeon.
You worshipped Qazlal.
Qazlal was most pleased with you.
You visited 1 branch of the dungeon, and saw 8 of its levels.
You also visited: Sewer.

You collected 2768 gold pieces.

Inventory:

Hand Weapons
 i - a +5 dagger
Missiles
 o - a throwing net
Armour
 y - a +1 pair of boots (worn)
Magical Staves
 a - a staff of conjuration
Jewellery
 h - a ring of positive energy (left hand)
 r - a ring of fire
 s - a ring of ice
 w - an amulet of regeneration (around neck)
Wands
 z - a wand of iceblast (8)
 B - a wand of flame (20)
 C - a wand of mindburst (16)
Scrolls
 c - a scroll of enchant weapon
 e - 3 scrolls of identify
 g - 2 scrolls of enchant armour
 j - 2 scrolls of amnesia
 l - 2 scrolls of noise
 n - a scroll of vulnerability
 q - 2 scrolls of teleportation
 u - 2 scrolls of fog
Potions
 b - 2 potions of flight {unknown}
 f - 2 potions of resistance {unknown}
 k - a potion of mutation {unknown}
 m - a potion of attraction {unknown}
 p - a potion of ambrosia {unknown}
 t - 2 potions of degeneration {unknown}
 v - 2 potions of heal wounds
 x - 2 potions of curing
 A - 2 potions of lignification
 D - a potion of magic


   Skills:
 * Level 4.1 Fighting
 + Level 1.3 Short Blades
 + Level 3.4 Dodging
 - Level 1.8 Stealth
 + Level 0.5 Shields
 + Level 0.2 Unarmed Combat
 * Level 7.9 Spellcasting
 * Level 7.9 Conjurations
 * Level 2.1 Translocations
 * Level 4.3 Invocations


You had 8 spell levels left.
You knew the following spells:

 Your Spells              Type           Power      Damage    Failure   Level
a - Magic Dart            Conj           100%       1d8       1%          1
b - Searing Ray           Conj           86%        3d6       1%          2
c - Iskenderun's Mystic   Conj/Tloc      30%        2d8       10%         4
d - Orb of Destruction    Conj           21%        9d9       94%         7
e - Beastly Appendage     Tmut           16%        N/A       8%          1

Your spell library contained the following spells:

 Spells                   Type           Power      Damage    Failure   Level
 Dazzling Flash           Conj/Hex       52%        N/A       4%          3
 Iskenderun's Battlesphe  Conj           43%        2d9       8%          5
 Wereblood                Tmut           8%         N/A       12%         2
 Fulminant Prism          Conj/Hex       13%        3d9       14%         4
 Spider Form              Tmut/Pois      4%         N/A       22%         3
 Bolt of Magma            Conj/Fire/Erth 10%        4d7       56%         5
 Ice Form                 Ice/Tmut       8%         N/A       58%         4
 Hydra Form               Tmut           4%         N/A       91%         5
 Iron Shot                Conj/Erth      13%        9d3       92%         6
 Spellforged Servitor     Conj/Summ      13%        N/A       100%        7


Dungeon Overview and Level Annotations

Branches:
Dungeon (8/15)             Temple (0/1) D:4           Sewer (visited)
   Lair: D:8-11

Altars:
Nemelex Xobeh
Qazlal

Annotations:
D:3 2 runed translucent doors, feamirim's ghost, amateur DsFi
D:8 Harold


Innate Abilities, Weirdness & Mutations

You can breathe blasts of fire.
Your fiery red scales are hard. (AC +7)
You cannot fit into any form of body armour.
Your flesh is heat resistant. (rF+)
You are cold-blooded and may be slowed by cold attacks.


Message History

The mark upon you grows brighter.
Unknown command.
Unknown command.
You hit Harold.
Harold is heavily wounded.
Harold barely misses you.
You hit Harold.
Harold is severely wounded.
Harold hits you with a +3 scimitar of holy wrath!!
An ice beast comes into view.
Unknown command.
Unknown command.
You are now empty-handed.
Unknown command.
Really attack while wielding nothing?
Okay, then.
Unknown command.
You are too berserk!
Unknown command.
You feel a strong urge to attack something.
Harold throws a throwing net.
The throwing net hits you.
You become entangled in the net!
You see here a throwing net.
Unknown command.
You tear a large gash into the net.
You struggle against the net.
You feel your anger nearly subside.
You are no longer berserk.
You are exhausted.
You feel yourself slow down.
Unknown command.
You rip the net and break free!
You have got your breath back.
Harold hits you with a +3 scimitar of holy wrath!
Really attack while wielding nothing?
Okay, then.
Press: ? - help, Shift-Dir - straight line, f/p - Harold
Aim: Harold, wielding a +3 scimitar of holy wrath, wearing a +0 ring mail and quivering 4 throwing nets (severely wounded)
You fail to use your ability.
Harold hits you but does no damage.
Harold hits you with a +3 scimitar of holy wrath!!
You die...

#..........# #
#........†.##...##..#
#.......<....# .....
#..........#.......
##........## ...
##........## ..#
#..........# ..#
#........[>.####..#.#..
#.............@@Y......
[............###......#
.............# ......#
..#.........## .......
...#......#.# ......#
....######.# ......#
##. #.# ...#### ...
...#


You could see Harold and an ice beast.

Vanquished Creatures
  Pikel (D:4)
  Grinder (D:5)
  A steam dragon (D:8)
  A water moccasin (D:6)
  An orc warrior (D:7)
  Purgy (Sewer)
  An ice beast (D:6)
  A black bear (D:6)
  A hornet zombie (D:5)
  A centaur (D:7)
  3 necrophages
  2 lemures (D:4)
  Blork the orc (D:4)
  4 bullfrogs
  A water moccasin zombie (D:6)
  2 scorpions
  2 wyvern skeletons
  A hound (D:4)
  A jelly (D:5)
  An orc priest (D:5)
  A centaur skeleton (D:7)
  Ijyb (D:3)
  Terence (D:3)
  An iguana (D:7)
  3 orc wizards
  Robin (D:4)
  4 gnolls (D:3)
  7 adders
  A shadow imp (D:7)
  An ufetubus (D:6)
  2 worms (D:3)
  2 dart slugs
  21 orcs
  3 endoplasms
  4 giant cockroaches
  15 goblins
  9 hobgoblins
  A jackal (D:2)
  8 kobolds
  3 quokkas
  8 ball pythons
  6 bats
  A frilled lizard (D:2)
  6 rats
138 creatures vanquished.

Vanquished Creatures (others)
  2 plants (D:7)
2 creatures vanquished.

Grand Total: 140 creatures vanquished

Notes
Turn   | Place    | Note
-------+----------+-------------------------------------------
     0 | D:1      | Morbidden the Draconian Conjurer began the quest for the
                  | Orb.
     0 | D:1      | Reached XP level 1. HP: 14/14 MP: 3/3
   467 | D:1      | Reached XP level 2. HP: 15/20 MP: 0/5
   704 | D:1      | Found a faded altar of an unknown god.
   901 | D:1      | Became a worshipper of Qazlal Stormbringer
   901 | D:1      | Reached * piety under Qazlal
  1911 | D:2      | Reached XP level 3. HP: 23/27 MP: 1/6
  1914 | D:2      | Learned a level 2 spell: Searing Ray
  2495 | D:3      | Found a runed translucent door.
  2626 | D:3      | Noticed Ijyb
  2793 | D:3      | Killed Ijyb
  2794 | D:3      | Reached XP level 4. HP: 18/34 MP: 2/8
  3015 | D:3      | Noticed feamirim's ghost (amateur DsFi)
  3022 | D:3      | Noticed Terence
  3316 | D:3      | Identified 3 scrolls of acquirement
  3316 | D:3      | Acquired 1313 gold pieces
  3319 | D:3      | Acquired 1066 gold pieces
  3321 | D:3      | Acquired a staff of conjuration
  3333 | D:3      | Reached skill level 1 in Fighting
  3336 | D:3      | Reached XP level 5. HP: 30/41 MP: 0/10
  3484 | D:3      | Found a runed translucent door.
  3521 | D:3      | Killed Terence
  3692 | D:4      | Found a staircase to the Ecumenical Temple.
  3719 | D:4      | Reached skill level 1 in Invocations
  3875 | D:4      | Reached ** piety under Qazlal
  4053 | D:4      | Noticed Robin
  4175 | D:4      | Killed Robin
  4445 | D:4      | Noticed a lemure
  4445 | D:4      | Noticed a lemure
  4445 | D:4      | Noticed a lemure
  4445 | D:4      | Noticed a lemure
  4446 | D:4      | Noticed Pikel
  4460 | D:4      | Killed a lemure
  4462 | D:4      | Killed a lemure
  4463 | D:4      | Killed Pikel
  4464 | D:4      | Reached skill level 1 in Short Blades
  4464 | D:4      | Reached skill level 5 in Spellcasting
  4464 | D:4      | Reached skill level 5 in Conjurations
  4464 | D:4      | Reached XP level 6. HP: 33/50 MP: 3/14
  4464 | D:4      | Your scales start taking on a fiery red colour.
  4464 | D:4      | Reached XP level 7. HP: 37/56 MP: 3/15
  4464 | D:4      | Gained mutation: Your flesh is heat resistant. (rF+) [Red
                  | Draconian growth]
  4696 | D:4      | Noticed Blork the orc
  4701 | D:4      | Killed Blork the orc
  4827 | D:5      | Entered Level 5 of the Dungeon
  5278 | D:5      | Reached XP level 8. HP: 63/63 MP: 9/16
  5302 | D:5      | Found a sparkling altar of Nemelex Xobeh.
  5563 | D:5      | Learned a level 4 spell: Iskenderun's Mystic Blast
  5990 | D:5      | Noticed Grinder
  5995 | D:5      | Paralysed by Grinder for 3 turns
  6003 | D:5      | Killed Grinder
  6547 | D:6      | Found a glowing drain.
  6559 | Sewer    | Entered a sewer
  6685 | Sewer    | Noticed Purgy
  6688 | Sewer    | Killed Purgy
  6784 | Sewer    | Reached *** piety under Qazlal
  6828 | D:6      | Reached skill level 1 in Translocations
  7185 | D:6      | Learned a level 7 spell: Orb of Destruction
  7652 | D:6      | Reached XP level 9. HP: 69/71 MP: 5/19
  8150 | D:6      | Identified the +1 mace of Conscience {freeze, Int+3}
  8251 | D:6      | Learned a level 1 spell: Beastly Appendage
  9059 | D:8      | Noticed Harold
  9080 | D:8      | Slain by Harold

Illustrated notes

Levels and vault maps discovered:
D:1:      shiori_angband_town, layout_rooms, ebering_ecumenical_altar_hall,
          chequers_avenue, chequers_arboretum, minmay_heptomino_o4
D:2:      layout_basic, grunt_ministairs_8, kennysheep_generic_room_14
D:3:      layout_rooms, ebering_ghost_sewer_f, uniq_ijyb, uniq_terence
D:4:      layout_rooms, temple_doors_e, uniq_pikel, uniq_blork_the_orc,
          uniq_robin
D:5:      layout_layer_cave, lemuel_crystal_altar, uniq_grinder
D:6:      layout_layer_cave, cheibrodos_sewer_entry_drain
D:7:      layout_cave_pools, chequers_serial_rivers_large_a,
          serial_bayou_lagoon_a, minmay_misc_feat_encased
D:8:      statuecave_lemuel, layout_rooms, corexii_corridor_pit, uniq_harold

Skill      XL: |  1  2  3  4  5  6  7  8  9 |
---------------+----------------------------+-----
Spellcasting   | 3 5 7 |  7.9
Fighting       | 1 2 3 4 |  4.1
Invocations    | 2 4 |  4.3
Short Blades   | 1 |  1.3
Dodging        | 2 3 |  3.4
Conjurations   | 5 6 7 |  7.9
Translocations | 1 2 |  2.1
Stealth        | |  1.8
Shields        | |  0.5
Unarmed Combat | |  0.2

Action                   |  1- 3 |  4- 6 |  7- 9 || total
-------------------------+-------+-------+-------++-------
Melee: Unarmed           |    30 |       |       ||    30
       Tailslap          |     8 |     3 |       ||    11
       Dagger            |    36 |    14 |       ||    50
       Staff             |       |    10 |     3 ||    13
 Cast: Magic Dart        |    65 |    59 |   133 ||   257
       Searing Ray       |     4 |     9 |    25 ||    38
       Iskenderun's Myst |       |       |     1 ||     1
 Abil: Breathe Fire      |       |       |     7 ||     7
  Use: Scroll            |       |     5 |    12 ||    17
       Potion            |       |       |     1 ||     1
Armor: Skin              |    20 |     8 |    14 ||    42
Dodge: Dodged            |    48 |    26 |    36 ||   110
Block: Other             |     1 |     4 |     5 ||    10

Table legend: (Time is in decaauts)
 A = Elapsed time spent in this place.
 B = Non-inter-level travel time spent in this place.
 C = Inter-level travel time spent in this place.
 D = Time resting spent in this place.
 E = Time spent auto-exploring this place.
 F = Levels seen in this place.
 G = Mean time per level.
                   A        B        C        D        E       F      G
               +--------+--------+--------+--------+--------+-----+--------+
         Total |   9083 |   8840 |    243 |    205 |   7713 |   9 | 1009.2 |
       Dungeon |   8837 |   8594 |    243 |    205 |   7499 |   8 | 1104.6 |
         Sewer |    245 |    245 |      0 |      0 |    214 |   1 |  245.0 |
               +--------+--------+--------+--------+--------+-----+--------+

Top non-repeatable levels by time:
     D:5: 1641 daAuts
     D:6: 1535 daAuts
     D:2: 1351 daAuts
     D:3: 1265 daAuts
     D:1: 1151 daAuts
     D:4: 1048 daAuts
     D:7: 744 daAuts
   Sewer: 245 daAuts
     D:8: 99 daAuts
